 Dungeon Crawl Stone Soup version 0.31-a0-204-g7da18cac08 (webtiles) character file.

Game seed: 8506642329973105074

1153 zazu2006 the Thaumaturge (level 8, -13/58 HPs)
             Began as a Gnoll Wanderer on June 27, 2023.
             Was a Believer of Vehumet.
             Killed from afar by an acid dragon (15 damage)
             ... with a splash of acid
             ... on level 8 of the Dungeon.
             The game lasted 00:14:51 (5710 turns).

zazu2006 the Thaumaturge (Gnoll Wanderer)           Turns: 5710, Time: 00:14:52

Health: -13/58     AC:  4    Str: 11    XL:     8   Next: 38%
Magic:  16/20      EV: 13    Int: 15    God:    Vehumet [**....]
Gold:   339        SH:  0    Dex: 17    Spells: 17/23 levels left

rFire   . . .        h - staff of cold
rCold   + . .        (no shield)
rNeg    . . .        c - +0 robe
rPois   .            (no helmet)
rElec   .            e - +0 cloak
rCorr   .            d - +0 pair of gloves
SInv    .            (no boots)
Will    +....        n - amulet of magic regeneration
Stlth   ++++         r - +6 ring of dexterity
HPRegen 0.29/turn    (no ring)
MPRegen 0.57/turn

%: no passive effects
@: lethally poisoned (-13 -> -16), enlightened, flying
A: fangs 1, strong nose, distributed training
a: Renounce Religion


You were on level 8 of the Dungeon.
You worshipped Vehumet.
Vehumet was pleased with you.
You visited 1 branch of the dungeon, and saw 8 of its levels.

You collected 339 gold pieces.

Inventory:

Hand Weapons
 a - a +0 dagger of electrocution
Missiles
 f - 3 throwing nets
Armour
 c - a +0 robe (worn)
 d - a +0 pair of gloves (worn)
 e - a +0 cloak (worn)
 s - the +1 ring mail "Ineiqoupn" {Str-5 Int+5}
   (You found it on level 3 of the Dungeon)

   Str:       It affects your strength (-5).
   Int:       It affects your intelligence (+5).
Magical Staves
 h - a staff of cold (weapon)
Jewellery
 n - an amulet of magic regeneration (around neck)
 q - an amulet of guardian spirit
 r - a +6 ring of dexterity (left hand)
Wands
 p - a wand of flame (33)
 y - a wand of acid (12)
Scrolls
 b - a scroll of silence
 g - a scroll of butterflies
 j - a scroll of brand weapon
 u - a scroll of poison {unknown}
 v - a scroll of noise {unknown}
 w - a scroll of blinking {unknown}
 x - 2 scrolls of identify {unknown}
 z - a scroll of vulnerability {unknown}
 A - a scroll of teleportation {unknown}
Potions
 i - a potion of magic {unknown}
 k - 2 potions of enlightenment
 l - 2 potions of might {unknown}
 m - a potion of degeneration {unknown}
 o - 2 potions of lignification {unknown}
 t - 2 potions of heal wounds {unknown}


   Skills:
 + Level 3.3 Fighting
 + Level 3.3 Short Blades
 + Level 3.3 Long Blades
 + Level 3.3 Axes
 + Level 3.3 Maces & Flails
 + Level 3.3 Polearms
 + Level 3.3 Staves
 + Level 3.3 Ranged Weapons
 + Level 3.3 Throwing
 + Level 3.3 Armour
 + Level 3.3 Dodging
 + Level 6.9 Stealth
 + Level 3.3 Shields
 + Level 3.3 Unarmed Combat
 + Level 8.0 Spellcasting
 + Level 2.7 Conjurations
 + Level 2.7 Hexes
 + Level 3.5 Summonings
 + Level 2.7 Necromancy
 + Level 2.7 Translocations
 + Level 2.7 Transmutations
 + Level 2.7 Fire Magic
 + Level 6.1 Ice Magic
 + Level 2.7 Air Magic
 + Level 2.7 Earth Magic
 + Level 2.7 Poison Magic
 + Level 3.7 Invocations
 + Level 3.3 Evocations


You had 17 spell levels left.
You knew the following spells:

 Your Spells              Type           Power      Damage    Failure   Level
a - Freeze                Ice            100%       1d10      1%          1
b - Foxfire               Conj/Fire      56%        2x1d6     3%          1
c - Summon Ice Beast      Ice/Summ       30%        N/A       16%         4

Your spell library contained the following spells:

 Spells                   Type           Power      Damage    Failure   Level
 Poisonous Vapours        Pois/Air       28%        N/A       6%          2
 Summon Small Mammal      Summ           64%        N/A       2%          1
 Ozocubu's Armour         Ice            36%        N/A       2%          3
 Call Canine Familiar     Summ           16%        N/A       9%          3


Dungeon Overview and Level Annotations

Branches:
Dungeon (9/15)
 Temple: D:4-7         Lair: D:8-11         Orc: D:9-12

Altars:
Hepliaklqana
Makhleb
Qazlal
Vehumet
Wu Jian
Zin


Innate Abilities, Weirdness & Mutations

You have very sharp teeth.
Your uncanny sense of smell can sniff out nearby items.
Your experience applies equally to all skills.


Message History

The orc priest hits you from afar with a +0 trident.
An orc warrior comes into view. It is wielding a +0 trident.
Your ice beast completely misses the orc priest.
The killer bee stings you.
You are poisoned.
The killer bee poisons you! The killer bee closely misses you.
You swap places.
You feel sick. The killer bee stings you. The killer bee stings your butterfly.
Your butterfly dies!
Your butterfly disappears in a burst of colours!
The orc priest hits you with a +0 trident.
Your ice beast barely misses the orc priest.
The killer bee attacks as you move away!
The killer bee stings you.
An orc comes into view. It is wielding a +0 club.
Found a scroll labelled WYVENE JUAVUNI.
You feel sick.
The orc priest hits you but does no damage.
The orc warrior hits you from afar with a +0 trident!
* * * LOW HITPOINT WARNING * * *
The acid dragon bites your butterfly!
Your butterfly dies!
Your butterfly disappears in a burst of colours!
Your ice beast hits the orc priest.
Your ice beast freezes the orc priest.
It was a potion of enlightenment.
You feel very buoyant.
You fly up into the air.
* * * LOW HITPOINT WARNING * * *
You feel sick.
The killer bee barely misses your ice beast.
The killer bee closely misses you. The killer bee completely misses you.
The killer bee stings your ice beast but does no damage.
The orc priest closely misses you. The killer bee stings your ice beast.
The killer bee completely misses you.
Your ice beast hits the orc priest.
Your ice beast freezes the orc priest!
The orc priest dies!
Vehumet accepts your kill. The orc warrior barely misses you.
The acid dragon spits acid at you. The splash of acid hits you!
You die...

###############
####)Yy..........####
#...yyyy#............
#.##@##§#.######.####
#..o..?.D..# #.#...
#o.#.##.b..b.b.
#.#... # ..##b#b#..
#.#... #.#.b.....
...... .....####
####.. ..#. ##. #..
## ∆ ∆


You could see an orc warrior, an acid dragon (catching breath), 5 killer bees,
an orc (asleep) and a friendly ice beast (summoned).

Vanquished Creatures
  A water moccasin (D:5)
  2 ogres (D:4)
  2 kobold brigands
  3 scorpions
  A sleepcap (D:5)
  A hound (D:5)
  Jessica (D:3)
  Natasha (thrice) (D:3)
  3 iguanas (D:5)
  13 gnolls
  4 adders
  An ufetubus (D:5)
  4 worms
  2 dart slugs
  11 orcs
  8 bats
  5 endoplasms
  7 giant cockroaches
  18 hobgoblins
  11 jackals
  2 quokkas
  9 ball pythons
  4 frilled lizards
  5 goblins
  39 kobolds
  4 rats
164 creatures vanquished.

Vanquished Creatures (collateral kills)
  An orc priest (D:8)
1 creature vanquished.

Vanquished Creatures (others)
  40 foxfires
40 creatures vanquished.

Grand Total: 205 creatures vanquished

Notes
Turn   | Place    | Note
-------+----------+-------------------------------------------
     0 | D:1      | zazu2006 the Gnoll Wanderer began the quest for the Orb.
     0 | D:1      | zazu2006 set off with the following items: a +0 dagger, a
                  | scroll of silence, a +0 robe, a +0 pair of gloves; and the
                  | following spells available to memorise: Freeze, Ozocubu's
                  | Armour, Summon Small Mammal, Call Canine Familiar, Summon
                  | Ice Beast.
     0 | D:1      | Reached XP level 1. HP: 13/13 MP: 8/8
     3 | D:1      | Learned a level 1 spell: Freeze
    94 | D:1      | Reached XP level 2. HP: 15/19 MP: 1/10
   701 | D:1      | Reached XP level 3. HP: 25/25 MP: 9/11
  1106 | D:2      | Reached skill level 1 in Invocations
  1184 | D:2      | Reached skill level 1 in Fighting
  1184 | D:2      | Reached skill level 1 in Short Blades
  1184 | D:2      | Reached skill level 1 in Long Blades
  1184 | D:2      | Reached skill level 1 in Axes
  1184 | D:2      | Reached skill level 1 in Maces & Flails
  1184 | D:2      | Reached skill level 1 in Polearms
  1184 | D:2      | Reached skill level 1 in Staves
  1184 | D:2      | Reached skill level 1 in Ranged Weapons
  1184 | D:2      | Reached skill level 1 in Throwing
  1184 | D:2      | Reached skill level 1 in Armour
  1184 | D:2      | Reached skill level 1 in Dodging
  1184 | D:2      | Reached skill level 1 in Shields
  1184 | D:2      | Reached skill level 1 in Unarmed Combat
  1184 | D:2      | Reached skill level 1 in Evocations
  1325 | D:2      | Reached XP level 4. HP: 32/32 MP: 10/13
  1741 | D:2      | Found a hazy altar of Hepliaklqana.
  1964 | D:2      | Reached skill level 1 in Conjurations
  1964 | D:2      | Reached skill level 1 in Hexes
  1964 | D:2      | Reached skill level 1 in Necromancy
  1964 | D:2      | Reached skill level 1 in Translocations
  1964 | D:2      | Reached skill level 1 in Transmutations
  1964 | D:2      | Reached skill level 1 in Fire Magic
  1964 | D:2      | Reached skill level 1 in Air Magic
  1964 | D:2      | Reached skill level 1 in Earth Magic
  1964 | D:2      | Reached skill level 1 in Poison Magic
  2082 | D:3      | Noticed Jessica
  2099 | D:3      | Killed Jessica
  2302 | D:3      | Reached XP level 5. HP: 37/37 MP: 12/14
  2386 | D:3      | Found a radiant altar of Vehumet.
  2390 | D:3      | Noticed Natasha
  2396 | D:3      | Killed Natasha
  2399 | D:3      | Became a worshipper of Vehumet
  2609 | D:3      | Noticed Natasha
  2612 | D:3      | Killed Natasha
  2612 | D:3      | Noticed Natasha
  2618 | D:3      | Killed Natasha
  2677 | D:3      | Identified the +1 ring mail "Ineiqoupn" {Str-5 Int+5}
  2876 | D:3      | Found a hazy altar of Hepliaklqana.
  3076 | D:4      | Noticed an ogre
  3087 | D:4      | Killed an ogre
  3088 | D:4      | Reached XP level 6. HP: 44/44 MP: 13/16
  3133 | D:4      | Found a stormy altar of Qazlal.
  3552 | D:4      | Found an ornate altar of the Wu Jian Council.
  3653 | D:4      | Reached * piety under Vehumet
  3653 | D:4      | Offered knowledge of Foxfire by Vehumet.
  3778 | D:4      | Reached XP level 7. HP: 39/50 MP: 16/18
  3981 | D:4      | Learned a level 1 spell: Foxfire
  4151 | D:4      | Reached ** piety under Vehumet
  4151 | D:4      | Offered knowledge of Poisonous Vapours by Vehumet.
  4392 | D:4      | Found a glowing silver altar of Zin.
  4543 | D:5      | Entered Level 5 of the Dungeon
  4711 | D:5      | Reached XP level 8. HP: 48/58 MP: 16/19
  5470 | D:5      | Reached skill level 8 in Spellcasting
  5483 | D:5      | Learned a level 4 spell: Summon Ice Beast
  5619 | D:6      | You fall into a shaft and drop 3 floors!
  5641 | D:8      | Found a burning altar of Makhleb.
  5710 | D:8      | HP: 2/58 [poisoned by a killer bee]
  5710 | D:8      | Killed from afar by an acid dragon

Illustrated notes

Levels and vault maps discovered:
D:1:      nagdon_arrival_double_spiral, layout_rooms, minmay_misc_feat_roman,
          nicolae_hexahallways
D:2:      layout_loops_corners, basic_altar, minmay_misc_feat_more_columns,
          minmay_distorted
D:3:      layout_basic, vehumet_altar_wand_db, mainiacjoe_overflow_alcove_2,
          minivault_25, uniq_jessica, uniq_natasha
D:4:      minmay_goblin_kobold_castle, layout_rooms,
          mainiacjoe_overflow_brackets, mainiacjoe_overflow_surrounded_room,
          pdpol_wu_jian_five_deadly_venoms, minmay_misc_feat_alley,
          minmay_misc_feat_enclosed
D:5:      layout_loops_ring, kennysheep_generic_room_5
D:6:      layout_gridville, uniq_duvessa
D:8:      gammafunk_beogh_shrine, layout_loops_ring, lemuel_round_altar,
          bloody_makhleb, old_standard_altar, enter_bailey_2
D:9:      layout_basic

Skill      XL: |  1  2  3  4  5  6  7  8 |
---------------+-------------------------+-----
Summonings     | 2 3 |  3.5
Stealth        | 6 |  6.9
Invocations    | 1 2 3 |  3.7
Fighting       | 1 2 3 |  3.3
Short Blades   | 1 2 3 |  3.3
Long Blades    | 1 2 3 |  3.3
Axes           | 1 2 3 |  3.3
Maces & Flails | 1 2 3 |  3.3
Polearms       | 1 2 3 |  3.3
Staves         | 1 2 3 |  3.3
Ranged Weapons | 1 2 3 |  3.3
Throwing       | 1 2 3 |  3.3
Armour         | 1 2 3 |  3.3
Dodging        | 1 2 3 |  3.3
Shields        | 1 2 3 |  3.3
Unarmed Combat | 1 2 3 |  3.3
Evocations     | 1 2 3 |  3.3
Conjurations   | 1 2 |  2.7
Hexes          | 1 2 |  2.7
Necromancy     | 1 2 |  2.7
Translocations | 1 2 |  2.7
Transmutations | 1 2 |  2.7
Fire Magic     | 1 2 |  2.7
Air Magic      | 1 2 |  2.7
Earth Magic    | 1 2 |  2.7
Poison Magic   | 1 2 |  2.7
Ice Magic      | 6 |  6.1
Spellcasting   | 8 |  8.0

Action                     |  1- 3 |  4- 6 |  7- 9 || total
---------------------------+-------+-------+-------++-------
  Melee: Dagger            |     8 |       |       ||     8
         Bite              |     3 |     4 |     1 ||     8
         Staff             |    15 |    36 |    13 ||    64
         Punch             |       |     1 |       ||     1
   Cast: Freeze            |    45 |    99 |   105 ||   249
         Foxfire           |       |       |    27 ||    27
         Summon Ice Beast  |       |       |     2 ||     2
  Evoke: Wand              |       |     2 |       ||     2
    Use: Scroll            |       |       |     2 ||     2
         Potion            |       |       |     1 ||     1
   Stab: Sleeping          |    10 |    10 |     3 ||    23
 Armour: Robe              |    13 |    28 |    30 ||    71
  Dodge: Dodged            |    29 |    52 |    82 ||   163

Table legend: (Time is in decaauts)
 A = Elapsed time spent in this place.
 B = Non-inter-level travel time spent in this place.
 C = Inter-level travel time spent in this place.
 D = Time resting spent in this place.
 E = Time spent auto-exploring this place.
 F = Levels seen in this place.
 G = Mean time per level.
                   A        B        C        D        E       F      G
               +--------+--------+--------+--------+--------+-----+--------+
         Total |   5723 |   5573 |    150 |      5 |   4422 |   8 |  715.4 |
       Dungeon |   5723 |   5573 |    150 |      5 |   4422 |   8 |  715.4 |
               +--------+--------+--------+--------+--------+-----+--------+

Top non-repeatable levels by time:
     D:4: 1505 daAuts
     D:1: 1087 daAuts
     D:5: 1019 daAuts
     D:2: 992 daAuts
     D:3: 972 daAuts
     D:8: 68 daAuts
     D:6: 56 daAuts
     D:9: 21 daAuts
